SNL (28 & UNDER)
WEST VIRGINIA POWER @ MEMPHIS BLUES
06/06/2024
 
TOP OF THE 1ST
West Virginia Power batting - Pitching for Memphis Blues : RHP Luis Fernández
Pitching: RHP Luis Fernández
Batting: RHB Luis Encarnación 0-0: SINGLE (Flyball, 8RS)
Batting: LHB Jesús Ángel 0-0: Ball
1-0: Foul Ball, location: 2F
1-1: SINGLE (Groundball, 34)
Luis Encarnación to second
Runner from 2nd tries for 3rd, SAFE, no throw or cutoff
Batting: LHB Fernando Ortíz 0-0: Called Strike
0-1: Ball
1-1: Ball
2-1: Ball
3-1: Swinging Strike
3-2: Strikes out swinging
Jesús Ángel steals 2nd base
Batter strikes out.
Batting: LHB Pablo Reyes 0-0: Called Strike
0-1: Ball
1-1: Swinging Strike
1-2: Ball
2-2: Ball
Wild Pitch!
Luis Encarnación scores
Jesús Ángel to third
3-2: Foul Ball, location: 2F
3-2: Foul Ball, location: 2F
3-2: Base on Balls
Batting: SHB Edward Bartlett 0-0: Ball
1-0: Fielders Choice at 2nd, 1-6 (Groundball, 23)
Batting: RHB Gonzalo Gil 0-0: Called Strike
0-1: Ball
1-1: Ball
2-1: Foul Ball, location: 2F
2-2: Foul Ball, location: 2F
2-2: Strikes out swinging
Top of the 1st over - 1 run(s), 2 hit(s), 0 error(s), 2 left on base; West Virginia 1 - Memphis 0
BOTTOM OF THE 1ST
Memphis Blues batting - Pitching for West Virginia Power : RHP Raúl Ruíz
Pitching: RHP Raúl Ruíz
Batting: RHB Jorge Domínguez 0-0: Ball
1-0: Called Strike
1-1: Ball
2-1: Foul Ball, location: 2F
2-2: Strikes out swinging
Batting: RHB Glenn Johnson 0-0: Ball
1-0: Ball
2-0: Ball
3-0: Called Strike
3-1: Base on Balls
Batting: LHB Mark Folger 0-0: Called Strike
0-1: Called Strike
0-2: Strikes out swinging
Batting: RHB Raúl Perales 0-0: Ball
1-0: Ball
2-0: Ball
3-0: Called Strike
3-1: Foul Ball, location: 2F
3-2: Foul Ball, location: 2F
3-2: Strikes out swinging
Bottom of the 1st over - 0 run(s), 0 hit(s), 0 error(s), 1 left on base; West Virginia 1 - Memphis 0
TOP OF THE 2ND
West Virginia Power batting - Pitching for Memphis Blues : RHP Luis Fernández
Batting: RHB Dave McGrath 0-0: Ground out 4-3 (Groundball, 4M)
Batting: RHB Will Lott 0-0: Called Strike
0-1: Ball
1-1: Ball
2-1: Called Strike
2-2: Strikes out swinging
Batting: RHB Brett Bell 0-0: Called Strike
0-1: SINGLE (Flyball, 7LM)
Batting: RHB Luis Encarnación 0-0: Ball
1-0: SINGLE (Line Drive, 9S)
Brett Bell to second
Runner from 2nd tries for 3rd, SAFE, throw made to third
Luis Encarnación to second
Batting: LHB Jesús Ángel 0-0: Called Strike
0-1: Swinging Strike
0-2: Foul Ball, location: 2F
0-2: SINGLE (Groundball, 56D)
Brett Bell scores
Luis Encarnación to third
Runner from 3rd tries for Home, SAFE, no throw or cutoff
Batting: LHB Fernando Ortíz 0-0: Ball
1-0: Swinging Strike
1-1: Called Strike
1-2: Foul Ball, location: 2F
1-2: Ball
2-2: Ball
Jesús Ángel steals 2nd base
3-2: Strikes out swinging
Top of the 2nd over - 2 run(s), 3 hit(s), 0 error(s), 1 left on base; West Virginia 3 - Memphis 0
BOTTOM OF THE 2ND
Memphis Blues batting - Pitching for West Virginia Power : RHP Raúl Ruíz
Batting: RHB Sadao Kato 0-0: Foul Ball, location: 2F
0-1: Ground out 4-3 (Groundball, 4M)
Batting: LHB Ken Nelson 0-0: Called Strike
0-1: Ball
1-1: Ball
2-1: Ball
3-1: Fly out, F6 (Popup, 6MS)
Batting: RHB Glenn Melican 0-0: Foul Ball, location: 2F
0-1: Swinging Strike
0-2: Reached on error, E6 (Groundball, 6M)
Batting: RHB Dave O'Neill 0-0: SINGLE (Groundball, 4)
Glenn Melican to second
Runner from 2nd tries for 3rd, SAFE, no throw or cutoff
Batting: RHB Dale O'Feennaghty 0-0: Ball
1-0: Ball
2-0: Foul Ball, location: 2F
2-1: Called Strike
2-2: Strikes out swinging
Bottom of the 2nd over - 0 run(s), 1 hit(s), 1 error(s), 2 left on base; West Virginia 3 - Memphis 0
TOP OF THE 3RD
West Virginia Power batting - Pitching for Memphis Blues : RHP Luis Fernández
Batting: LHB Pablo Reyes 0-0: Called Strike
0-1: Ball
1-1: Ball
2-1: Foul Ball, location: 2F
2-2: SINGLE (Groundball, 56D)
Batting: SHB Edward Bartlett 0-0: Ball
1-0: SINGLE (Groundball, 34) (infield hit)
Pablo Reyes to second
Batting: RHB Gonzalo Gil 0-0: Foul Ball, location: 2F
0-1: Hit by Pitch
Pablo Reyes to third
Edward Bartlett to second
Batting: RHB Dave McGrath 0-0: Called Strike
0-1: Ball
1-1: DOUBLE (Line Drive, 89XD)
Pablo Reyes scores
Edward Bartlett scores
Gonzalo Gil to third
Runner from 3rd tries for Home, SAFE, no throw or cutoff
Batting: RHB Will Lott 0-0: Called Strike
0-1: Foul Ball, location: 2F
0-2: Ball
1-2: Foul Ball, location: 2F
1-2: Strikes out looking
Batting: RHB Brett Bell 0-0: Called Strike
0-1: Foul Ball, location: 2F
0-2: Foul Ball, location: 2F
0-2: SINGLE (Groundball, 56D)
Dave McGrath to third
Runner from 3rd tries for Home, throw and OUT!
Batting: RHB Luis Encarnación 0-0: Foul Ball, location: 2F
0-1: Foul Ball, location: 2F
0-2: Ball
1-2: Ball
2-2: Ball
3-2: Strikes out swinging
Top of the 3rd over - 3 run(s), 4 hit(s), 0 error(s), 1 left on base; West Virginia 6 - Memphis 0
BOTTOM OF THE 3RD
Memphis Blues batting - Pitching for West Virginia Power : RHP Raúl Ruíz
Batting: RHB Jorge Domínguez 0-0: Ball
1-0: Foul Ball, location: 2F
1-1: Foul Ball, location: 2F
1-2: Ball
2-2: Fly out, F7 (Line Drive, 78M)
Batting: RHB Glenn Johnson 0-0: Ball
1-0: Called Strike
1-1: Swinging Strike
1-2: Foul Ball, location: 2F
1-2: Foul Ball, location: 2F
1-2: Strikes out swinging
Batting: LHB Mark Folger 0-0: Ball
1-0: Ball
2-0: Ground out 6-3 (Groundball, 6)
Bottom of the 3rd over - 0 run(s), 0 hit(s), 0 error(s), 0 left on base; West Virginia 6 - Memphis 0
TOP OF THE 4TH
West Virginia Power batting - Pitching for Memphis Blues : RHP Luis Fernández
Batting: LHB Jesús Ángel 0-0: SINGLE (Line Drive, 4MD)
Batting: LHB Fernando Ortíz 0-0: Called Strike
0-1: Ball
1-1: SINGLE (Groundball, 3S) (infield hit)
Jesús Ángel to second
Batting: LHB Pablo Reyes 0-0: Ball
1-0: Foul Ball, location: 2F
1-1: SINGLE (Groundball, 13) (infield hit)
Jesús Ángel to third
Fernando Ortíz to second
Batting: SHB Edward Bartlett 0-0: Ball
1-0: Ball
2-0: Ball
3-0: DOUBLE (Flyball, 89M)
Jesús Ángel scores
Fernando Ortíz scores
Pablo Reyes to third
Runner from 3rd tries for Home, SAFE, throw made home
Pitching: RHP Miguel García
Batting: RHB Gonzalo Gil 0-0: Ball
Wild Pitch!
Edward Bartlett to third
1-0: Foul Ball, location: 2F
1-1: Ball
2-1: Fly out, F8 (Flyball, 8RM)
Runner from 3rd tags up, SCORES, throw made
Batting: RHB Dave McGrath 0-0: SOLO HOME RUN (Flyball, 89XD), Distance : 432 ft
Batting: RHB Will Lott 0-0: Ball
1-0: Ball
2-0: Called Strike
2-1: SINGLE (Flyball, 7S)
Batting: RHB Brett Bell 0-0: Ball
1-0: Ball
2-0: Ball
3-0: Called Strike
3-1: Foul Ball, location: 2F
3-2: Strikes out swinging
Batting: RHB Luis Encarnación 0-0: SINGLE (Flyball, 8RS)
Will Lott to second
Batting: LHB Jesús Ángel 0-0: Called Strike
0-1: Ball
1-1: Ball
2-1: Fly out, F8 (Flyball, 8RM)
Top of the 4th over - 5 run(s), 7 hit(s), 0 error(s), 2 left on base; West Virginia 11 - Memphis 0
BOTTOM OF THE 4TH
Memphis Blues batting - Pitching for West Virginia Power : RHP Raúl Ruíz
Batting: RHB Raúl Perales 0-0: Swinging Strike
0-1: Ball
1-1: Foul Ball, location: 2F
1-2: Foul Ball, location: 2F
1-2: Foul Ball, location: 2F
1-2: Foul Ball, location: 2F
1-2: Ball
2-2: Foul Ball, location: 2F
2-2: Ground out 6-3 (Groundball, 6M)
Batting: RHB Sadao Kato 0-0: Fly out, F8 (Flyball, 8RXD)
Batting: LHB Ken Nelson 0-0: Ground out 4-3 (Groundball, 13)
Bottom of the 4th over - 0 run(s), 0 hit(s), 0 error(s), 0 left on base; West Virginia 11 - Memphis 0
TOP OF THE 5TH
West Virginia Power batting - Pitching for Memphis Blues : RHP Miguel García
Batting: LHB Fernando Ortíz 0-0: Foul Ball, location: 2F
0-1: Ball
1-1: Ball
2-1: Ball
3-1: SINGLE (Line Drive, 34D)
Batting: LHB Pablo Reyes 0-0: Fly out, F7 (Flyball, 78S)
Batting: SHB Edward Bartlett 0-0: Grounds into double play, 6-4-3 (Groundball, 6)
Top of the 5th over - 0 run(s), 1 hit(s), 0 error(s), 0 left on base; West Virginia 11 - Memphis 0
BOTTOM OF THE 5TH
Memphis Blues batting - Pitching for West Virginia Power : RHP Raúl Ruíz
Batting: RHB Glenn Melican 0-0: Ball
1-0: Ball
2-0: Ball
3-0: Base on Balls
Batting: RHB Dave O'Neill 0-0: Ball
1-0: DOUBLE (Line Drive, 7LM)
Glenn Melican to third
Batting: RHB Dale O'Feennaghty 0-0: Swinging Strike
0-1: Called Strike
0-2: Ball
1-2: Strikes out swinging
Batting: RHB Jorge Domínguez 0-0: Called Strike
0-1: Foul Ball, location: 2F
0-2: Ball
1-2: Strikes out looking
Batting: RHB Glenn Johnson 0-0: Ball
1-0: Ball
2-0: Swinging Strike
2-1: Called Strike
2-2: Fly out, F9 (Popup, 9LS)
Bottom of the 5th over - 0 run(s), 1 hit(s), 0 error(s), 2 left on base; West Virginia 11 - Memphis 0
TOP OF THE 6TH
West Virginia Power batting - Pitching for Memphis Blues : RHP Miguel García
Batting: RHB Gonzalo Gil 0-0: Ball
1-0: Fly out, F8 (Line Drive, 8LM)
Batting: RHB Dave McGrath 0-0: Ball
1-0: Called Strike
1-1: Foul Ball, location: 2F
1-2: Ball
2-2: Ground out 6-3 (Groundball, 6)
Batting: RHB Will Lott 0-0: Foul Ball, location: 2F
0-1: Called Strike
0-2: Strikes out swinging
Top of the 6th over - 0 run(s), 0 hit(s), 0 error(s), 0 left on base; West Virginia 11 - Memphis 0
BOTTOM OF THE 6TH
Memphis Blues batting - Pitching for West Virginia Power : RHP Raúl Ruíz
Batting: LHB Mark Folger 0-0: Fly out, F6 (Line Drive, 6)
Batting: RHB Raúl Perales 0-0: Ball
1-0: Foul Ball, location: 2F
1-1: DOUBLE (Line Drive, 5L)
Batting: RHB Sadao Kato 0-0: Fly out, F8 (Flyball, 8RM)
Batting: LHB Ken Nelson 0-0: Called Strike
0-1: Ball
1-1: Ball
2-1: Foul Ball, location: 2F
2-2: Foul Ball, location: 2F
2-2: Reached on error, E1 (Groundball, 15)
Raúl Perales to third
Batting: RHB Glenn Melican 0-0: Ball
1-0: Ball
2-0: Foul Ball, location: 2F
2-1: Ball
3-1: Foul Ball, location: 2F
3-2: Strikes out swinging
Bottom of the 6th over - 0 run(s), 1 hit(s), 1 error(s), 2 left on base; West Virginia 11 - Memphis 0
TOP OF THE 7TH
West Virginia Power batting - Pitching for Memphis Blues : RHP Miguel García
Pitching: RHP Pedro Orozco
Batting: RHB Brett Bell 0-0: Called Strike
0-1: Ball
1-1: Swinging Strike
1-2: Ground out 5-3 (Groundball, 5L)
Batting: RHB Luis Encarnación 0-0: Ball
1-0: Ball
2-0: Ball
3-0: Called Strike
3-1: Called Strike
3-2: Ground out 5-3 (Groundball, 5)
Batting: LHB Jesús Ángel 0-0: Swinging Strike
0-1: Ball
1-1: Ball
2-1: Ball
3-1: Base on Balls
Batting: LHB Fernando Ortíz 0-0: Ball
Jesús Ángel steals 2nd base
1-0: Ball
2-0: Called Strike
2-1: Ball
3-1: Base on Balls
Batting: LHB Pablo Reyes 0-0: Foul Ball, location: 2F
0-1: Fielders Choice at 2nd, U4 (Groundball, 4M)
Top of the 7th over - 0 run(s), 0 hit(s), 0 error(s), 2 left on base; West Virginia 11 - Memphis 0
BOTTOM OF THE 7TH
Memphis Blues batting - Pitching for West Virginia Power : RHP Raúl Ruíz
Pitching: LHP John Helms
Batting: RHB Dave O'Neill 0-0: Ground out 6-3 (Groundball, 6)
Batting: RHB Dale O'Feennaghty 0-0: Foul Ball, location: 2F
0-1: Ball
1-1: Ball
2-1: Ball
3-1: Foul Ball, location: 2F
3-2: Foul Ball, location: 2F
3-2: Foul Ball, location: 2F
3-2: Foul Ball, location: 2F
3-2: Foul Ball, location: 2F
3-2: Ground out 6-3 (Groundball, 6M)
Batting: RHB Jorge Domínguez 0-0: Foul Ball, location: 2F
0-1: SINGLE (Line Drive, 78S)
Batting: RHB Glenn Johnson 0-0: Ball
1-0: Called Strike
1-1: 2-RUN HOME RUN (Flyball, 7D), Distance : 392 ft
Batting: LHB Mark Folger 0-0: Called Strike
0-1: Foul Ball, location: 2F
0-2: Foul Ball, location: 2F
0-2: Ball
1-2: Foul Ball, location: 2F
1-2: Strikes out looking
Bottom of the 7th over - 2 run(s), 2 hit(s), 0 error(s), 0 left on base; West Virginia 11 - Memphis 2
TOP OF THE 8TH
West Virginia Power batting - Pitching for Memphis Blues : RHP Pedro Orozco
Batting: SHB Edward Bartlett 0-0: Ground out 4-3 (Groundball, 4)
Batting: RHB Gonzalo Gil 0-0: Ball
1-0: Fly out, F7 (Flyball, 78M)
Batting: RHB Dave McGrath 0-0: Ball
1-0: Ball
2-0: Ball
3-0: Called Strike
3-1: TRIPLE (Line Drive, 9LM)
Batting: RHB Will Lott 0-0: SINGLE (Groundball, 56D)
Dave McGrath scores
Batting: RHB Brett Bell 0-0: Called Strike
0-1: Ball
1-1: Foul Ball, location: 2F
1-2: Strikes out swinging
Top of the 8th over - 1 run(s), 2 hit(s), 0 error(s), 1 left on base; West Virginia 12 - Memphis 2
BOTTOM OF THE 8TH
Memphis Blues batting - Pitching for West Virginia Power : LHP John Helms
Now at 1B: Vicente Torres
Batting: RHB Raúl Perales 0-0: Called Strike
0-1: Ball
1-1: Ball
2-1: SINGLE (Groundball, 56) (infield hit)
Batting: RHB Sadao Kato 0-0: 2-RUN HOME RUN (Flyball, 78XD), Distance : 437 ft
Pitching: RHP Brad Flores
Batting: LHB Ken Nelson 0-0: Swinging Strike
0-1: Foul Ball, location: 2F
0-2: Strikes out looking
Batting: RHB Glenn Melican 0-0: Ball
1-0: Ball
2-0: Ground out 6-3 (Groundball, 6)
Batting: RHB Dave O'Neill 0-0: Ball
1-0: Foul Ball, location: 2F
1-1: Ball
2-1: SINGLE (Line Drive, 89S)
Batting: RHB Dale O'Feennaghty 0-0: Called Strike
0-1: Ball
1-1: Swinging Strike
1-2: Foul Ball, location: 2F
Pickoff Throw to First - Out!
Bottom of the 8th over - 2 run(s), 3 hit(s), 0 error(s), 0 left on base; West Virginia 12 - Memphis 4
TOP OF THE 9TH
West Virginia Power batting - Pitching for Memphis Blues : RHP Pedro Orozco
Batting: RHB Luis Encarnación 0-0: Foul Ball, location: 2F
0-1: Called Strike
0-2: Strikes out swinging
Batting: LHB Jesús Ángel 0-0: Called Strike
0-1: Ground out 6-3 (Groundball, 6)
Batting: LHB Fernando Ortíz 0-0: Ball
1-0: Called Strike
1-1: Ball
2-1: DOUBLE (Line Drive, 9LM)
Batting: LHB Pablo Reyes 0-0: Swinging Strike
0-1: Ball
1-1: Ball
2-1: Foul Ball, location: 2F
2-2: Ball
3-2: Foul Ball, location: 2F
3-2: Base on Balls
Batting: SHB Edward Bartlett 0-0: Called Strike
0-1: Ball
1-1: Ball
2-1: Foul Ball, location: 2F
2-2: Foul Ball, location: 2F
2-2: Ball
Wild Pitch!
Fernando Ortíz to third
Pablo Reyes to second
3-2: Base on Balls
Batting: RHB Gonzalo Gil 0-0: Ball
1-0: Ball
2-0: Fly out, F9 (Flyball, 9LS)
Top of the 9th over - 0 run(s), 1 hit(s), 0 error(s), 3 left on base; West Virginia 12 - Memphis 4
BOTTOM OF THE 9TH
Memphis Blues batting - Pitching for West Virginia Power : RHP Brad Flores
Now at 3B: Ron Guillén
Now in CF: Luis Pérez
Batting: RHB Dale O'Feennaghty 0-0: Called Strike
0-1: Fly out, F9 (Flyball, 89D)
Batting: RHB Jorge Domínguez 0-0: Ball
1-0: Ball
2-0: Called Strike
2-1: Ground out 5-3 (Groundball, 5L)
Batting: RHB Glenn Johnson 0-0: Swinging Strike
0-1: Swinging Strike
0-2: Ball
1-2: Ball
2-2: Ball
3-2: Ground out 3-1 (Groundball, 34)
Bottom of the 9th over - 0 run(s), 0 hit(s), 0 error(s), 0 left on base; West Virginia 12 - Memphis 4
This league is powered by Out of the Park Baseball, the baseball management simulation game for PC, Mac and Linux
Saturday, April 9th, 2016 - OOTP Baseball 16.8 Build 38